AoeStats
← Lil Fabrice

Arena

509905652Analyzed
4v4 RM · 4d ago on Sep 28, 2026· 52m 10s· 8 players
Game mode
Random Map
Map size
Large (8 player)
Population
200
Speed
Normal
Resources
Standard
Victory
Conquest
Starting age
Dark Age
Ending age
Imperial Age
RankedLock teamsTeams togetherTeam positionsShared explorationLock speedFull tech treeHidden civsTurbo modeCheats
Victory
Defeat
🇩🇪 Bulgarians · Germany
1657
+14
🇷🇴 Khmer · Romania
1655
+14
🇩🇪 Georgians · Germany
1590
+17
🇩🇪 Hindustanis · Germany
1467
+23
🇨🇿 Lithuanians · Czechia
1670
-18
🇨🇱 Burgundians · Chile
1604
-17
🇺🇦 Japanese · Ukraine
1603
-17
🇫🇷 Slavs · France
1587
-16
letmebelieve
5:34 Double-Bit Axe
6:40 Horse Collar
10:53 Feudal Age
10:32 Gold Mining
15:08 Castle Age
14:16 Bow Saw
17:01 Two-Man Saw
16:09 Heavy Plow
23:21 Wheelbarrow
24:50 Hand Cart
25:09 Burgundian Vineyards
28:50 Imperial Age
26:31 Loom
27:47 Crop Rotation
27:57 Gold Shaft Mining
27:12 Stone Mining
28:30 Guilds
28:22 Caravan
29:17 Coinage
30:32 Chemistry
29:13 Treadmill Crane
29:36 Padded Archer Armor
30:25 Conscription
30:43 Stone Shaft Mining
30:23 Fletching
31:00 Ballistics
32:50 Leather Archer Armor
35:38 Masonry
38:17 Husbandry
38:19 Pikeman
38:59 Squires
38:45 Arson
39:17 Bodkin Arrow
40:03 Bracer
41:55 Scale Mail Armor
42:05 Forging
41:17 Halberdier
44:46 Chain Mail Armor
45:07 Iron Casting
45:11 Elite Skirmisher
45:58 Capped Ram
48:12 Blast Furnace
Lil Fabrice
10:17 Feudal Age
14:39 Castle Age
12:27 Horse Collar
12:34 Double-Bit Axe
15:27 Husbandry
16:30 Light Cavalry
21:00 Forging
23:38 Wheelbarrow
23:52 Gold Mining
24:25 Bow Saw
24:39 Stone Mining
25:57 Hand Cart
25:54 Loom
27:45 Scale Mail Armor
28:20 Iron Casting
30:27 Imperial Age
27:20 Pikeman
28:00 Squires
27:57 Man-at-Arms
28:38 Squires
28:55 Chain Mail Armor
28:39 Town Watch
28:53 Long Swordsman
30:05 Masonry
30:25 Detinets
30:30 Halberdier
30:56 Onager
32:32 Plate Mail Armor
32:24 Conscription
32:11 Two-Handed Swordsman
33:27 Ballistics
33:02 Champion
36:00 Blast Furnace
37:35 Chemistry
39:29 Druzhina
39:50 Capped Ram
40:08 Siege Onager
42:41 Siege Ram
44:05 Elite Boyar
46:01 Scale Barding Armor
46:59 Fortified Wall
51:17 Siege Engineers
Rank
10:10 Feudal Age
14:06 Castle Age
13:33 Double-Bit Axe
13:30 Horse Collar
17:34 Fervor
22:09 Wheelbarrow
22:06 Bow Saw
21:58 Heavy Plow
23:14 Stone Mining
23:17 Gold Mining
26:38 Stone Shaft Mining
26:03 Loom
30:13 Imperial Age
27:56 Bloodlines
27:53 Scale Barding Armor
28:27 Hand Cart
27:58 Town Watch
28:53 Chain Barding Armor
28:52 Husbandry
29:05 Forging
30:15 Elite Leitis
31:33 Plate Barding Armor
31:34 Iron Casting
31:21 Conscription
36:22 Chemistry
35:32 Fletching
38:57 Two-Man Saw
38:27 Crop Rotation
44:11 Bodkin Arrow
50:46 Light Cavalry
Karabas
11:03 Feudal Age
11:10 Loom
12:42 Double-Bit Axe
12:42 Horse Collar
15:11 Castle Age
13:55 Gold Mining
16:21 Bow Saw
16:52 Scale Mail Armor
21:18 Forging
21:56 Chain Mail Armor
26:34 Wheelbarrow
25:45 Town Watch
27:08 Iron Casting
27:45 Fortified Wall
27:22 Horse Collar
27:34 Stone Mining
28:13 Town Watch
32:36 Fletching
35:50 Imperial Age
33:11 Man-at-Arms
33:36 Gambesons
33:52 Squires
33:54 Long Swordsman
Falsche Haut
7:43 Loom
9:33 Feudal Age
10:50 Loom
13:52 Castle Age
12:36 Double-Bit Axe
12:32 Horse Collar
14:25 Wheelbarrow
20:43 Gold Mining
21:04 Bow Saw
21:55 Heavy Plow
23:16 Hand Cart
27:51 Imperial Age
29:42 Imperial Age
28:42 Scale Mail Armor
28:53 Forging
29:40 Squires
29:25 Arson
29:19 Pikeman
30:36 Iron Casting
30:10 Gambesons
30:41 Chain Mail Armor
29:48 Capped Ram
31:41 Halberdier
33:18 Plate Mail Armor
35:18 Blast Furnace
35:49 Fletching
35:59 Padded Archer Armor
35:54 Stone Mining
38:11 Stone Shaft Mining
37:46 Arrowslits
39:07 Guard Tower
40:18 Ballistics
41:07 Conscription
40:58 Svan Towers
42:59 Chemistry
43:15 Conscription
44:37 Leather Archer Armor
44:26 Bodkin Arrow
46:16 Bracer
46:50 Murder Holes
49:43 Keep
50:14 Caravan
51:19 Masonry
RoU_MaNiA
10:02 Feudal Age
13:48 Castle Age
11:40 Double-Bit Axe
11:50 Horse Collar
15:10 Wheelbarrow
14:58 Bow Saw
16:30 Heavy Plow
20:22 Loom
26:05 Gold Mining
30:02 Imperial Age
27:52 Pikeman
29:37 Scale Mail Armor
29:48 Forging
29:53 Fletching
30:47 Double Crossbow
31:07 Conscription
31:55 Heavy Scorpion
33:00 Capped Ram
34:24 Chain Mail Armor
35:25 Iron Casting
35:25 Ballistics
36:05 Chemistry
34:56 Halberdier
36:38 Blast Furnace
36:09 Siege Ram
39:08 Coinage
39:25 Masonry
39:06 Fletching
39:24 Elite Ballista Elephant
42:47 Bloodlines
42:38 Husbandry
44:33 Siege Engineers
46:49 Caravan
Dekodie
11:17 Feudal Age
15:18 Castle Age
13:07 Double-Bit Axe
13:03 Horse Collar
16:29 Bow Saw
17:07 Wheelbarrow
22:44 Loom
29:13 Imperial Age
27:33 Bloodlines
27:23 Husbandry
27:30 Scale Barding Armor
27:35 Forging
28:53 Chain Barding Armor
29:10 Iron Casting
30:33 Conscription
30:03 Heavy Camel Rider
32:05 Chain Barding Armor
32:15 Imperial Camel Rider
36:05 Grand Trunk Road
41:14 Scale Mail Armor
42:20 Blast Furnace
41:56 Plate Barding Armor
45:52 Caravan
49:51 Light Cavalry
Veni Vidi Elmo
10:37 Feudal Age
11:57 Double-Bit Axe
12:01 Horse Collar
14:23 Castle Age
21:58 Wheelbarrow
23:08 Stone Mining
23:33 Bow Saw
24:15 Gold Mining
24:49 Hand Cart
25:52 Heavy Plow
26:09 Loom
29:36 Imperial Age
27:14 Scale Mail Armor
27:40 Pikeman
28:06 Gambesons
28:23 Squires
28:09 Arson
28:53 Chain Mail Armor
28:49 Forging
30:47 Stone Shaft Mining
31:13 Plate Mail Armor
31:18 Iron Casting
30:40 Halberdier
31:55 Conscription
33:16 Blast Furnace
32:55 Crop Rotation
33:00 Gold Shaft Mining
33:25 Bagains
36:22 Siege Engineers
37:18 Chemistry
37:13 Capped Ram
40:02 Elite Konnik
40:39 Stirrups
41:41 Masonry
43:04 Scale Barding Armor
43:59 Chain Barding Armor
43:51 Bloodlines
43:41 Husbandry
43:50 Caravan
45:07 Plate Barding Armor
45:04 Light Cavalry
48:17 Coinage
51:16 Siege Ram
Connection lost

Rejoining the realm…

Still unreachable

The connection could not be restored.

Session expired

The server has moved on; the page needs a fresh start.